 Dungeon Crawl Stone Soup version 0.29-a0-330-g52719c12eb (webtiles) character file.

Game seed: 2427306859860535693

574 kae the Firebug (level 6, 0/45 HPs)
             Began as a Demigod Fire Elementalist on May 21, 2022.
             Killed from afar by Dowan (10 damage)
             ... with an iceblast
             ... on level 5 of the Dungeon.
             The game lasted 00:04:30 (5911 turns).

kae the Firebug (Demigod Fire Elementalist)         Turns: 5911, Time: 00:04:30

Health: 0/45       AC:  8    Str: 12    XL:     6   Next: 87%
Magic:  6/13       EV: 12    Int: 25    God:
Gold:   44         SH:  0    Dex: 20    Spells: 5/11 levels left

rFire   . . .      SeeInvis .   i - staff of air
rCold   + . .      Faith    .   (no shield)
rNeg    + . .      Spirit   .   D - +0 robe of Pessimism {rC+ rN+ Str+3 Stlth+}
rPois   .          Reflect  .   (no helmet)
rElec   +          Harm     .   w - +0 cloak
rCorr   .          Rampage  .   (no gloves)
Will    .....                   p - +0 pair of boots
Stlth   +++.......              u - amulet of regeneration
HPRegen 0.95/turn               v - +4 ring of protection
MPRegen 0.13/turn               m - +6 ring of dexterity

@: on berserk cooldown, slowed, very slow
A: high MP 1, forlorn, divine attributes
a: no special abilities


You were on level 5 of the Dungeon.
You visited 1 branch of the dungeon, and saw 5 of its levels.

You collected 271 gold pieces.
You spent 227 gold pieces at shops.

Inventory:

Missiles
 k - 2 throwing nets
Armour
 a - a +0 robe
 p - a +0 pair of boots (worn)
 w - a +0 cloak (worn)
 D - the +0 robe of Pessimism (worn) {rC+ rN+ Str+3 Stlth+}
   (You bought it in a shop on level 1 of the Dungeon)

   Str:       It affects your strength (+3).
   rC:        It protects you from cold.
   rN:        It protects you from negative energy.
   Stlth:     It makes you more stealthy.
Magical Staves
 i - a staff of air (weapon)
Jewellery
 e - an amulet of reflection
 m - a +6 ring of dexterity (right hand)
 n - a ring of ice
 t - an amulet of guardian spirit
 u - an amulet of regeneration (around neck)
 v - a +4 ring of protection (left hand)
Scrolls
 l - a scroll of amnesia
 q - a scroll of immolation
 r - a scroll of silence {unknown}
 y - a scroll of enchant armour {unknown}
 z - 2 scrolls of identify
 A - 2 scrolls of brand weapon {unknown}
 B - 3 scrolls of teleportation
 C - a scroll of fear
Potions
 b - a potion of magic
 d - a potion of resistance
 f - a potion of flight {unknown}
 g - a potion of brilliance {unknown}
 h - 2 potions of curing
 j - 3 potions of haste {unknown}
 o - a potion of degeneration
 s - a potion of cancellation {unknown}
 x - a potion of ambrosia {unknown}


   Skills:
 - Level 1.7 Dodging
 - Level 1.7 Stealth
 + Level 3.2 Spellcasting
 * Level 4.3 Conjurations
 * Level 5.1 Fire Magic


You had 5 spell levels left.
You knew the following spells:

 Your Spells              Type           Power      Damage    Failure   Level
a - Foxfire               Conj/Fire      100%       2x1d9     1%          1
b - Scorch                Fire           60%        2d8       1%          2
c - Conjure Flame         Conj/Fire      27%        6-21      4%          3

Your spell library contained the following spells:

 Spells                   Type           Power      Damage    Failure   Level
 Inner Flame              Hex/Fire       17%        N/A       11%         3
 Flame Wave               Conj/Fire      27%        2d7       14%         4
 Corpse Rot               Necr/Air       12%        N/A       16%         2
 Dispel Undead            Necr           4%         3d7       69%         4
 Death Channel            Necr           2%         N/A       100%        6


Dungeon Overview and Level Annotations

Branches:
Dungeon (5/15)             Temple (0/1) D:4

Shops:
D:1 ??*[   D:3 *

Annotations:
D:5 Dowan, Grinder


Innate Abilities, Weirdness & Mutations

You have an increased reservoir of magic. (+10% MP)
You shall have no god before yourself.
Your divine heritage dramatically boosts your attributes as you level up.


Message History

You barely miss Dowan.
Dowan is severely wounded.
Dowan gestures wildly while chanting.
Dowan blinks!
You are no longer berserk.
You are exhausted.
You feel yourself slow down.
Dowan drinks a potion.
Dowan suddenly seems more resistant.
Casting: Foxfire (safe; 1% risk of failure)
Confirm with . or Enter, or press ? or * to list all spells.
You conjure some foxfire!
Dowan zaps a wand.
The mass of ice explodes!
The iceblast engulfs your foxfire.
The iceblast engulfs the bush but does no damage.
The iceblast engulfs you! You partially resist.
The iceblast engulfs your foxfire!
You hear a shout!
You hear an angry hiss.
The foxfire hits Dowan.
Dowan resists.
Dowan is severely wounded.
The foxfire hits Dowan.
Dowan resists.
Dowan is severely wounded.
Dowan zaps a wand.
The mass of ice explodes!
The iceblast engulfs you. You partially resist.
Dowan gestures at you while chanting. The shard of ice hits you!
You partially resist.
You hear an angry hiss.
Casting: Foxfire (safe; 1% risk of failure)
Confirm with . or Enter, or press ? or * to list all spells.
You conjure some foxfire!
Dowan casts a spell at you. The stone arrow hits you!
* * * LOW HITPOINT WARNING * * *
Dowan casts a spell.
Dowan blinks!
Casting: Foxfire (safe; 1% risk of failure)
Confirm with . or Enter, or press ? or * to list all spells.
Flames lash Dowan.
Dowan resists.
Dowan is almost dead.
Dowan's fire resistance burns away.
Dowan zaps a wand.
The mass of ice explodes!
The iceblast engulfs you! You partially resist.
You die...

**,,,***...♣♣♣P.....,***,*,,,,*,,
,,,,,PPP..P.P......,,* *,*,,,,*,,
,,,...............#,****,*,,,,*,,
,PP.P.....PP.PP....,,,,,,,,,,,*,,
*♣...♣*♣...♣*♣..#.#,****,**,,,*,,
♣P..♣ ♣..P♣ ♣..#.#,****,**,,,*,,
♣♣P..♣♣♣P.P♣♣♣P.#)#,,,,*,*<,>,*,,
.P..P..PP..P.PP.#v#,**,*,*,,*,,,,
...............§@v#,,,,,,*,,,,,,,
.###.#####..##..###***,******,,,*
..............e....,,*,* ***,*
.#....######.........*,* *,,
.#....# #.........#,* *,, .#....#
#.........#,* *,, .#.####
#.........#,* *,,
.#.#######*#.........#,* *,,
.#........,+,,....,,,,,* *,,


You could see Dowan (fast, resistant, combustible, ally target).

Vanquished Creatures
  Duvessa (D:5)
  2 scorpions
  2 orc priests
  A hound (D:4)
  An iguana (D:4)
  An orc wizard (D:5)
  8 gnolls
  5 adders
  An ufetubus (D:4)
  2 worms
  A dart slug (D:3)
  7 orcs
  8 endoplasms
  2 giant cockroaches
  5 goblins
  4 hobgoblins
  3 jackals (D:2)
  6 kobolds
  5 quokkas
  9 ball pythons
  4 bats
  A frilled lizard (D:1)
  4 rats
83 creatures vanquished.

Vanquished Creatures (others)
  327 foxfires
327 creatures vanquished.

Grand Total: 410 creatures vanquished

Notes
Turn   | Place    | Note
-------+----------+-------------------------------------------
     0 | D:1      | kae the Demigod Fire Elementalist began the quest for the
                  | Orb.
     0 | D:1      | Reached XP level 1. HP: 14/14 MP: 5/5
    27 | D:1      | Reached skill level 1 in Conjurations
   112 | D:1      | Found Wuoke's Assorted Antiques.
   140 | D:1      | Found Ocveavoc's Magic Scroll Emporium.
   396 | D:1      | Found Ojoen's Magic Scroll Shop.
   418 | D:1      | Reached skill level 3 in Fire Magic
   418 | D:1      | Reached XP level 2. HP: 20/20 MP: 2/7
   436 | D:1      | Learned a level 2 spell: Scorch
   891 | D:1      | Found Jolidgh's Antique Armour Shop.
  1274 | D:2      | Reached XP level 3. HP: 26/26 MP: 6/8
  1279 | D:2      | Learned a level 3 spell: Conjure Flame
  2292 | D:2      | Reached XP level 4. HP: 33/33 MP: 8/10
  3516 | D:3      | Found Vuigrem's General Store.
  3524 | D:3      | Bought a potion of curing for 39 gold pieces
  3927 | D:4      | Found a staircase to the Ecumenical Temple.
  3942 | D:4      | Reached skill level 4 in Fire Magic
  3942 | D:4      | Reached XP level 5. HP: 38/38 MP: 5/11
  4672 | D:4      | Reached XP level 6. HP: 45/45 MP: 3/13
  5439 | D:1      | Bought a scroll of teleportation for 30 gold pieces
  5456 | D:1      | Bought a scroll labelled URORAO CUMEORE for 24 gold pieces
  5498 | D:1      | Bought an opalescent robe for 96 gold pieces
  5498 | D:1      | Identified the +0 robe of Pessimism {rC+ rN+ Str+3 Stlth+}
                  | (You bought it in a shop on level 1 of the Dungeon)
  5560 | D:1      | Bought a scroll of magic mapping for 38 gold pieces
  5739 | D:5      | Entered Level 5 of the Dungeon
  5809 | D:5      | Noticed Grinder
  5822 | D:5      | Noticed Dowan
  5882 | D:5      | Noticed Duvessa
  5900 | D:5      | Killed Duvessa
  5901 | D:5      | Reached skill level 5 in Fire Magic
  5911 | D:5      | Killed from afar by Dowan

Illustrated notes

Levels and vault maps discovered:
D:1:      dpeg_arrival_refuge, layout_basic, ebering_ecumenical_altar_rust,
          serial_shops, shop, nicolae_shop_behind_doors,
          nicolae_shop_advertising_works [nicolae_subvault_shop_adworks],
          nicolae_shop_overgrown_old_shop
D:2:      layout_basic
D:3:      layout_loops_ring, mainiacjoe_overflow_tiny_flanked, serial_shops,
          shop
D:4:      layout_loops_corners, nicolae_ru_path_of_blood, temple_pool_b
D:5:      cheibrodos_barr_body, layout_basic,
          lightli_ossuary_entry_decrepit_ruins, kennysheep_boxes, uniq_grinder,
          uniq_duvessa

Skill      XL: |  1  2  3  4  5  6 |
---------------+-------------------+-----
Conjurations   | 1 2 3 4 |  4.3
Spellcasting   | 2 3 |  3.2
Fire Magic     | 3 4 5 |  5.1
Dodging        | |  1.7
Stealth        | |  1.7

Action                   |  1- 3 |  4- 6 || total
-------------------------+-------+-------++-------
Melee: Unarmed           |     7 |       ||     7
       Staff             |       |    11 ||    11
       Punch             |       |     1 ||     1
 Cast: Foxfire           |    65 |   126 ||   191
       Scorch            |     6 |    13 ||    19
  Use: Scroll            |     3 |     8 ||    11
       Potion            |       |     2 ||     2
Armor: Robe              |     8 |    22 ||    30
Dodge: Dodged            |    21 |    34 ||    55

Table legend: (Time is in decaauts)
 A = Elapsed time spent in this place.
 B = Non-inter-level travel time spent in this place.
 C = Inter-level travel time spent in this place.
 D = Time resting spent in this place.
 E = Time spent auto-exploring this place.
 F = Levels seen in this place.
 G = Mean time per level.
                   A        B        C        D        E       F      G
               +--------+--------+--------+--------+--------+-----+--------+
         Total |   5912 |   5417 |    495 |    205 |   4424 |   5 | 1182.4 |
       Dungeon |   5912 |   5417 |    495 |    205 |   4424 |   5 | 1182.4 |
               +--------+--------+--------+--------+--------+-----+--------+

Top non-repeatable levels by time:
     D:2: 1653 daAuts
     D:1: 1633 daAuts
     D:4: 1512 daAuts
     D:3: 942 daAuts
     D:5: 171 daAuts
